 Dungeon Sprint DCSS version 0.28-a0-1613-gdaab1c2f9b (webtiles) character file.

Game seed: 13888489148887599571

15292 jt the Evocator (level 11, -2/64 HPs)
             Began as a Spriggan Artificer on Jan 22, 2022.
             Was the Champion of Lugonu.
             Slain by the 27-headed Lernaean hydra (11 damage)
             ... in the Dungeon (Sprint I: "Red Sonja").
             The game lasted 00:22:01 (3637 turns).

jt the Evocator (Spriggan Artificer)                Turns: 3637, Time: 00:22:01

Health: -2/64      AC:  5    Str: 10    XL:     11   Next: 99%
Magic:  0/19       EV: 25    Int: 13    God:    Lugonu [******]
Gold:   1043       SH:  0    Dex: 17    Spells: 14/19 levels left

rFire   . . .      SeeInvis +   A - +7 captain's cutlass {speed, disarm}
rCold   . . .      Faith    .   (no shield)
rNeg    . . .      Spirit   +   B - +1 robe of the End {Int+3}
rPois   .          Reflect  .   b - +2 hat of the Bear Spirit {Spirit, *Rage Will++}
rElec   .          Harm     .   (no cloak)
rCorr   .          Rampage  .   (gloves unavailable)
Will    +++..      Rage     20% (boots unavailable)
Stlth   +++++..... NoTele   +   (no amulet)
HPRegen 0.20/turn               x - ring of wizardry
MPRegen 0.16/turn               (no ring)

@: very quick
A: very small, no large weapons, unfitting armour, see invisible, speed 3, horns
1, deterioration 1, dopey 2, low mp 1
a: Renounce Religion, Bend Space, Banish, Corrupt, Brand Weapon With Distortion


You were in the Dungeon.
You worshipped Lugonu.
Lugonu was exalted by your worship.
You visited 1 branch You collected 2674 gold pieces.
You spent 1631 gold pieces at shops.

Inventory:

Hand Weapons
 a - a +2 dagger of draining
 f - a +0 club
 q - a +1 mace of holy wrath
 r - a +0 spear
 t - a +0 hand axe
 A - the +7 captain's cutlass (weapon) {speed, disarm}
   (You acquired it in the Dungeon)

   Attacks with this weapon are significantly faster.
   It may disarm weapon-wielding foes when striking them, dealing extra damage
   in the process.
Missiles
 l - 5 curare-tipped darts
 s - 11 stones
Armour
 b - the +2 hat of the Bear Spirit (worn) {Spirit, *Rage Will++}
   (You bought it in a shop in the Dungeon)

   Going berserk makes the wearer tougher, and they're slowed less afterward.
   *Rage:     It berserks you when you make melee attacks (+20% chance).
   Will:      It greatly increases your willpower.
 B - the +1 robe of the End (worn) {Int+3}
   (You bought it in a shop in the Dungeon)

   Int:       It affects your intelligence (+3).
Jewellery
 x - a ring of wizardry (left hand)
Wands
 c - a wand of flame (11) (quivered)
 d - a wand of charming (4)
 y - a wand of paralysis (7)
Scrolls
 k - a scroll of blinking
 o - a scroll of brand weapon
 p - 2 scrolls of immolation
 u - 2 scrolls of vulnerability
 z - a scroll of enchant weapon {unknown}
 C - a scroll of fear {unknown}
Potions
 g - 3 potions of heal wounds
 h - a potion of haste
 i - 2 potions of magic
 j - a potion of berserk rage
 m - 3 potions of curing
 n - a potion of lignification
 v - a potion of resistance
Miscellaneous
 e - a piece from Xom's chessboard (13/15)
 w - a condenser vane


   Skills:
 + Level 10.5 Fighting
 + Level 12.4 Short Blades
 + Level 12.1 Dodging
 - Level 12.6 Stealth
 - Level 4.8 Spellcasting
 - Level 3.2 Summonings
 + Level 12.3 Invocations
 + Level 23.8 Evocations


You had 14 spell levels left.
You knew the following spells:

 Your Spells              Type           Power      Damage    Failure   Level
a - Call Canine Familiar  Summ           11%        N/A       6%          3
b - Passwall              Tmut/Erth      2%         N/A       12%         2

Your spell library contained the following spells:

 Spells                   Type           Power      Damage    Failure   Level
 Sandblast                Erth           6%         2d5       8%          1
 Portal Projectile        Hex/Tloc       6%         N/A       22%         3
 Stone Arrow              Conj/Erth      6%         3d7       22%         3
 Leda's Liquefaction      Hex/Erth       1%         N/A       56%         4


Dungeon Overview and Level Annotations

Branches:
Dungeon (1/1)

Altars:
Cheibriados
Dithmenos
Elyvilon
Fedhas
Gozag
Hepliaklqana
Kikubaaqudgha
Makhleb
Nemelex Xobeh
Okawaru
Qazlal
Ru
Sif Muna
Trog
Uskayaw
Vehumet
Wu Jian
Xom
Yredelemnul
Zin
The Shining One
Jiyva
Lugonu

Shops:
D ![!**(*([?!:!:(**(*[[

Annotations:
D Lernaean hydra


Innate Abilities, Weirdness & Mutations

You are very small and have problems with some larger weapons.
You are too small for most types of armour.
You have supernaturally acute eyesight. (SInv)
You cover ground extremely quickly. (Speed+++)
You have a pair of small horns on your head.
Your body sometimes deteriorates upon taking damage.
You are very dopey. (Int -4)
Your magical capacity is low. (-10% MP)


Message History

Aiming: Charm
Press: ? - help, Shift-Dir - straight line, f/p - hellwing
Aim: a hellwing (purple smoke, chance to affect: 56%)
The hellwing resists with some effort.
The hellwing hits you! The hellwing closely misses you.
Aiming: Charm
Press: ? - help, Shift-Dir - straight line, f/p - hellwing
Aim: a hellwing (purple smoke, chance to affect: 56%)
The hellwing is charmed.
Your hellwing hits the 27-headed Lernaean hydra!
Your hellwing hits the 27-headed Lernaean hydra.
There is an open door, spattered with blood here.
Aiming: Throw Flame
Press: ? - help, Shift-Dir - straight line, f - 27-headed Lernaean hydra
Aim: the 27-headed Lernaean hydra (purple smoke, moderately wounded, 92% to hit)
The puff of flame hits the 27-headed Lernaean hydra!
The 27-headed Lernaean hydra is moderately wounded.
The 27-headed Lernaean hydra closely misses you.
The 27-headed Lernaean hydra bites you.
The 27-headed Lernaean hydra misses you.
The 27-headed Lernaean hydra closely misses you.
The 27-headed Lernaean hydra barely misses you.
The 27-headed Lernaean hydra bites you.
The 27-headed Lernaean hydra misses you.
The 27-headed Lernaean hydra bites you. x4
The 27-headed Lernaean hydra barely misses you.
The 27-headed Lernaean hydra bites you!
The 27-headed Lernaean hydra completely misses you.
The 27-headed Lernaean hydra misses you.
The 27-headed Lernaean hydra bites you!
The 27-headed Lernaean hydra misses you.
The 27-headed Lernaean hydra bites you!
* * * LOW HITPOINT WARNING * * *
The 27-headed Lernaean hydra bites you!
* * * LOW HITPOINT WARNING * * *
The 27-headed Lernaean hydra bites you.
* * * LOW HITPOINT WARNING * * *
The 27-headed Lernaean hydra closely misses you.
The 27-headed Lernaean hydra bites you!
You die...

###############################
__#..'..)#..#§§§@D4§§.§.')†#..+
..'..#...##'#.####§§§.§##..'..#
__####)..'..#§#)###.§.#######4#
###§§#####.)'.#+# ###§#}!$##..#
≈§§§.#..##'#### #.##$$$#..#
§≈§§.§..#.....# #..###$#..≈
≈§§§.#..#.....+ ##.#A#$#.4≈e
#§#####'###°.○# #..###$#..≈.#
.§§.###.§.#.○○# #.##..$#..≈##


You could see the 27-headed Lernaean hydra (ally target) and a friendly hellwing
(charmed).

Vanquished Creatures
  A hydra (D)
  Sonja (D)
  A lindwurm (D)
  6 shining eyes (D)
  2 merfolk sirens (D)
  A gargoyle (D)
  2 kobold demonologists (D)
  6 unseen horrors (D)
  3 demonic crawlers (D)
  2 hornets (D)
  Sigmund (D)
  13 hogs (D)
  A redback (D)
  5 floating eyes (D)
  4 necrophages (D)
  An ogre (D)
  4 jellies (D)
  A nameless horror (D)
55 creatures vanquished.

Vanquished Creatures (collateral kills)
  2 shining eyes (D)
  A yak (D)
  2 floating eyes (D)
  A necrophage (D)
  A jelly (D)
7 creatures vanquished.

Vanquished Creatures (others)
  A hornet (D)
  A slime creature (D)
  Ijyb (D)
  2 ballistomycete spores (D)
5 creatures vanquished.

Grand Total: 67 creatures vanquished

Notes
Turn   | Place    | Note
-------+----------+-------------------------------------------
     0 | D        | jt the Spriggan Artificer began the quest for the Orb.
     0 | D        | Reached XP level 1. HP: 9/9 MP: 2/2
     1 | D        | Noticed Ijyb
     7 | D        | Noticed an ogre
    12 | D        | Your ally Ijyb died
    14 | D        | Killed an ogre
    15 | D        | Reached XP level 2. HP: 11/14 MP: 3/3
    15 | D        | Reached XP level 3. HP: 13/17 MP: 4/4
    15 | D        | Reached XP level 4. HP: 17/21 MP: 5/5
    77 | D        | Noticed Sigmund
    88 | D        | Found a shimmering blue altar of Sif Muna.
    89 | D        | Found an ornate altar of the Wu Jian Council.
    90 | D        | Found a radiant altar of Vehumet.
   101 | D        | Reached skill level 6 in Evocations
   105 | D        | Found Plog's General Store.
   105 | D        | Found an ancient bone altar of Kikubaaqudgha.
   105 | D        | Found a hazy altar of Hepliaklqana.
   105 | D        | Found a stormy altar of Qazlal.
   105 | D        | Found a hide-covered altar of Uskayaw.
   105 | D        | Found a blossoming altar of Fedhas.
   105 | D        | Found a bloodstained altar of Trog.
   105 | D        | Found an iron altar of Okawaru.
   105 | D        | Found a basalt altar of Yredelemnul.
   105 | D        | Found a glowing golden altar of the Shining One.
   105 | D        | Found a snail-covered altar of Cheibriados.
   105 | D        | Found a sacrificial altar of Ru.
   105 | D        | Found a glowing silver altar of Zin.
   105 | D        | Found a shadowy altar of Dithmenos.
   105 | D        | Found a white marble altar of Elyvilon.
   105 | D        | Noticed a yak
   113 | D        | Killed Sigmund
   114 | D        | Reached skill level 10 in Evocations
   114 | D        | Reached XP level 5. HP: 3/25 MP: 6/6
   386 | D        | Found a burning altar of Makhleb.
   386 | D        | Found a viscous altar of Jiyva.
   386 | D        | Found a shimmering altar of Xom.
   386 | D        | Found a corrupted altar of Lugonu.
   386 | D        | Noticed a slime creature
   391 | D        | Became a worshipper of Lugonu the Unformed
   391 | D        | Reached * piety under Lugonu
   406 | D        | Killed a yak
   407 | D        | Reached skill level 13 in Evocations
   407 | D        | Reached XP level 6. HP: 29/29 MP: 7/7
   409 | D        | Noticed Sonja
   434 | D        | Found an opulent altar of Gozag.
   435 | D        | Found a sparkling altar of Nemelex Xobeh.
   438 | D        | Killed Sonja
   439 | D        | Reached skill level 19 in Evocations
   439 | D        | Reached XP level 7. HP: 23/32 MP: 8/8
   464 | D        | Bought a potion of curing for 33 gold pieces
   464 | D        | Bought a potion of lignification for 33 gold pieces
   483 | D        | Found Liorch's Distillery.
   673 | D        | Noticed a kobold demonologist
   674 | D        | Noticed a kobold demonologist
   676 | D        | Reached ** piety under Lugonu
   677 | D        | Reached skill level 1 in Fighting
   677 | D        | Reached skill level 1 in Short Blades
   677 | D        | Reached skill level 1 in Invocations
   677 | D        | Killed a kobold demonologist
   678 | D        | Reached XP level 8. HP: 39/39 MP: 8/11
   679 | D        | Killed a kobold demonologist
   706 | D        | Noticed a deep troll
   728 | D        | Noticed a shining eye
   728 | D        | Noticed a shining eye
   728 | D        | Noticed a shining eye
   732 | D        | Paralysed by a floating eye for 3 turns
   735 | D        | Killed a shining eye
   735 | D        | Reached *** piety under Lugonu
   736 | D        | Reached skill level 5 in Short Blades
   736 | D        | Reached skill level 5 in Invocations
   736 | D        | Reached skill level 20 in Evocations
   738 | D        | Reached XP level 9. HP: 23/46 MP: 12/14
   750 | D        | Found Wiefynuk's Armour Emporium.
   900 | D        | Noticed a centaur warrior
   900 | D        | Noticed a centaur warrior
   901 | D        | Banished a centaur warrior
   902 | D        | Reached skill level 5 in Fighting
   902 | D        | Banished a centaur warrior
   903 | D        | Reached skill level 21 in Evocations
   972 | D        | Noticed an oklob plant
   975 | D        | Reached **** piety under Lugonu
   975 | D        | Banished an oklob plant
  1038 | D        | Reached XP level 10. HP: 53/53 MP: 17/17
  1265 | D        | Reached ***** piety under Lugonu
  1274 | D        | Reached skill level 5 in Dodging
  1565 | D        | Reached skill level 22 in Evocations
  1697 | D        | Banished a deep troll
  1754 | D        | Found Ozouqow's Weapon Boutique.
  1754 | D        | Found Ygrizan's Weapon Shoppe.
  1774 | D        | Found Racumoir's General Store.
  1774 | D        | Found Fomaomin's Antique Armour Boutique.
  1775 | D        | Found Xowne's Antique Armour Emporium.
  1797 | D        | Learned a level 3 spell: Call Canine Familiar
  1798 | D        | Found Zunumot's Assorted Antiques.
  1800 | D        | Found Guot's Magic Scroll Emporium.
  1800 | D        | Found Fytti's Distillery.
  1800 | D        | Found Fotoq's Book Shoppe.
  1800 | D        | Found Odulav's Distillery.
  1800 | D        | Found Nimod's Book Emporium.
  1800 | D        | Found Xikhles's Antique Weapon Shop.
  1800 | D        | Found Askoph's General Store.
  1803 | D        | Found Xufe's Assorted Antiques.
  1818 | D        | Bought a jewelled glass wand for 72 gold pieces
  1818 | D        | Bought a scroll labelled LAZ ATEMIAJEI for 18 gold pieces
  1818 | D        | Bought a scroll labelled EVOGACZ NABE for 18 gold pieces
  1818 | D        | Bought a scroll labelled FORPHASE ASAZU for 18 gold pieces
  1819 | D        | Bought a scroll of acquirement for 520 gold pieces
  1819 | D        | Bought a potion of heal wounds for 50 gold pieces
  1821 | D        | Bought a scroll of identify for 20 gold pieces
  1832 | D        | Bought a book of Geomancy for 234 gold pieces
  1835 | D        | Learned a level 2 spell: Passwall
  1897 | D        | Noticed a shining eye
  1910 | D        | Acquired the +7 captain's cutlass {speed, disarm}
  1910 | D        | Found the +7 captain's cutlass {speed, disarm}
  2077 | D        | Bought a tattered robe for 96 gold pieces
  2077 | D        | Identified the +1 robe of the End {Int+3} (You bought it in
                  | a shop in the Dungeon)
  2094 | D        | Bought the +2 hat of the Bear Spirit {Spirit, *Rage Will++}
                  | for 498 gold pieces
  2094 | D        | Found the +2 hat of the Bear Spirit {Spirit, *Rage Will++}
  2152 | D        | Noticed a shining eye
  2155 | D        | Gained mutation: You are dopey. (Int -2) [a shining eye]
  2158 | D        | Killed a shining eye
  2159 | D        | Reached skill level 10 in Invocations
  2171 | D        | Killed a shining eye
  2366 | D        | Noticed a shining eye
  2425 | D        | Gained mutation: You have a pair of small horns on your
                  | head. [a shining eye]
  2431 | D        | Gained mutation: You are very dopey. (Int -4) [a shining
                  | eye]
  2432 | D        | Killed a shining eye
  2432 | D        | Reached ****** piety under Lugonu
  2433 | D        | Reached skill level 10 in Short Blades
  2433 | D        | Reached skill level 1 in Spellcasting
  2433 | D        | Reached skill level 1 in Summonings
  2434 | D        | Killed a shining eye
  2438 | D        | Reached XP level 11. HP: 60/60 MP: 16/19
  2445 | D        | Noticed a shining eye
  2448 | D        | Gained mutation: Your body sometimes deteriorates upon
                  | taking damage. [a shining eye]
  2449 | D        | Gained mutation: Your magical capacity is low. (-10% MP) [a
                  | shining eye]
  2450 | D        | Killed a shining eye
  2453 | D        | Found Pigofoal's Assorted Antiques.
  2453 | D        | Found Geppilol's Weapon Boutique.
  2456 | D        | Killed a shining eye
  2475 | D        | Killed a shining eye
  2478 | D        | Found Wulod's Armour Shoppe.
  2478 | D        | Found Nury's Distillery.
  2494 | D        | Bought a scroll labelled WIFIMA MUCU for 21 gold pieces
  2735 | D        | Noticed a lindwurm
  2735 | D        | Killed a lindwurm
  2736 | D        | Reached skill level 10 in Dodging
  2736 | D        | Reached skill level 23 in Evocations
  2898 | D        | Noticed a daeva
  2912 | D        | Reached skill level 10 in Fighting
  3187 | D        | Noticed a 12-headed hydra
  3222 | D        | Killed a 12-headed hydra
  3428 | D        | Noticed a deep elf annihilator
  3602 | D        | Noticed the 27-headed Lernaean hydra
  3637 | D        | Slain by the 27-headed Lernaean hydra

Illustrated notes

Levels and vault maps discovered:
D:        dungeon_sprint_1 [red_sonja_temple_1, red_sonja_temple_small_1]

Skill      XL: |  1  2  3  4  5  6  7  8  9 10 11 |
---------------+----------------------------------+-----
Stealth        | 12 | 12.6
Evocations     | 10 13 19 20 21 22 23 | 23.8
Fighting       | 2 4 6 8 10 | 10.5
Short Blades   | 3 6 9 10 12 | 12.4
Invocations    | 3 5 8 10 12 | 12.3
Dodging        | 8 12 | 12.1
Spellcasting   | 2 4 |  4.8
Summonings     | 1 3 |  3.2

Action                   |  1- 3 |  4- 6 |  7- 9 | 10-12 || total
-------------------------+-------+-------+-------+-------++-------
Melee: Club              |     1 |     7 |       |       ||     8
       Dagger            |       |       |     7 |    54 ||    61
       Cutlass           |       |       |       |   140 ||   140
       Mace              |       |       |       |    23 ||    23
       Headbutt          |       |       |       |    32 ||    32
       Punch             |       |       |       |     5 ||     5
 Cast: Call Canine Famil |       |       |       |     4 ||     4
       Passwall          |       |       |       |     4 ||     4
Invok: Banish            |       |       |     3 |    15 ||    18
Evoke: Wand              |     4 |     8 |     1 |    19 ||    32
       Piece from Xom's  |       |     1 |     1 |     6 ||     8
       Condenser vane    |       |       |       |     3 ||     3
  Use: Potion            |       |     1 |       |       ||     1
       Scroll            |       |       |       |     5 ||     5
 Stab: Sleeping          |     1 |     2 |     5 |     6 ||    14
       Petrified         |       |     5 |       |       ||     5
       Distracted        |       |       |       |     1 ||     1
       Confused          |       |       |       |     1 ||     1
Armor: Robe              |       |       |       |     4 ||     4
Dodge: Dodged            |       |     2 |     2 |   127 ||   131

Table legend: (Time is in decaauts)
 A = Elapsed time spent in this place.
 B = Non-inter-level travel time spent in this place.
 C = Inter-level travel time spent in this place.
 D = Time resting spent in this place.
 E = Time spent auto-exploring this place.
 F = Levels seen in this place.
 G = Mean time per level.
                   A        B        C        D        E       F      G
               +--------+--------+--------+--------+--------+-----+--------+
         Total |   3241 |   3195 |     46 |   2198 |      0 |   1 | 3241.0 |
       Dungeon |   3241 |   3195 |     46 |   2198 |      0 |   1 | 3241.0 |
               +--------+--------+--------+--------+--------+-----+--------+

Top non-repeatable levels by time:
       D: 3241 daAuts
